 Dungeon Crawl Stone Soup version 0.17-a0-1923-gc35365e (webtiles) character file.

61 musteatbrain the Sneak (level 3, 0/24 HPs)
             Began as a Spriggan Enchanter on Sept 28, 2015.
             Slain by Sigmund
             ... wielding a +6 vampiric scythe
              (7 damage)
             ... on level 2 of the Dungeon.
             The game lasted 00:03:03 (849 turns).

musteatbrain the Sneak (Spriggan Enchanter)          Turns: 849, Time: 00:03:03

Health: 0/24       AC: 21    Str:  5    XL:     3   Next: 83%
Magic:  8/8        EV:  4    Int: 16    God:
Gold:   71         SH:  0    Dex: 16    Spells: 1 memorised, 6 levels left

rFire  . . .     SeeInvis +     a - +1 dagger
rCold  . . .     Clarity  .     (armour currently unavailable)
rNeg   + + +     SustAt   .     (shield restricted)
rPois  +         Gourm    .     (helmet currently unavailable)
rElec  .         Spirit   .     (cloak currently unavailable)
rCorr  .         Warding  .     (gloves unavailable)
rMut   .         NoTele   +     (boots unavailable)
MR     .....                    (no amulet)
Stlth  +++++.....               (no ring)
                                (no ring)

@: tree-form, not resistant to hostile enchantments, quite stealthy
A: unfitting armour, see invisible, herbivore 3, (speed 0), slow metabolism 2
a: no special abilities


You were on level 2 of the Dungeon.
You were not hungry.
You were a tree.
You visited 1 branch of the dungeon, and saw 2 of its levels.

You collected 71 gold pieces.

Inventory:

Hand weapons
 a - a +1 dagger (weapon)
Armour
 b - a +1 robe (melded)
Scrolls
 h - a scroll of remove curse
 i - 2 scrolls of identify {unknown}
 j - a scroll of enchant armour {unknown}
 k - a scroll of recharging {unknown}
Books
 c - a book of Maledictions

   Spells                             Type                      Level
   a - Corona                         Hexes                        1
   b - Ensorcelled Hibernation        Hexes/Ice                    2
   c - Confuse                        Hexes                        3
   d - Tukima's Dance                 Hexes                        3
   e - Dazzling Spray                 Conjuration/Hexes            3
Comestibles
 d - 3 bread rations
 g - a royal jelly
 l - 2 fruits


   Skills:
 + Level 3.2 Short Blades
 - Level 3.0 Dodging
 + Level 5.8 Stealth
 - Level 2.6 Spellcasting
 - Level 3.6 Hexes


You had 6 spell levels left.
You knew the following spells:

 Your Spells              Type           Power        Failure   Level  Hunger
a - Corona                Hex            ##.....      6%          1    #......


Dungeon Overview and Level Annotations

Branches:
Dungeon (2/15)

Altars:

Annotations:
D:2 Sigmund


Innate Abilities, Weirdness & Mutations

You are tiny and cannot use many weapons and most armour.
You have supernaturally acute eyesight.
You are a herbivore.
((You cover ground extremely quickly.))
You need consume almost no food.


Message History

You are too injured to fight recklessly!
You barely miss the bat.
The bat is heavily wounded.
The bat hits you but does no damage.
You hit the bat.
The bat is almost dead.
The bat hits you but does no damage. Sigmund hits you but does no damage.
The bat hits you but does no damage.
You hit the bat but do no damage.
The bat is almost dead.
The bat hits you but does no damage.
You hit the bat.
You kill the bat!
Sigmund gestures at you while chanting. The puff of flame hits you!
You cannot move.
As you read the scroll labeled ZUNUTZ BORAENO, it crumbles to dust.
You feel blessed for a moment.
It was a scroll of remove curse.
Sigmund hits you from afar with a vampiric scythe!
You die...

...# *,**,,,,,,,,,,* ...#########
######....#*,******* #..).......#
#..........,,,***** #..)....#.##
#.#........,*,,,,,**
#.........####.#........,*****,,*
...........##.....g.....,,** **,,
.........#........@....#*,,* **,
#.###...###..........#..,,** *,
..# #.#..##....†♣.....[.,** **
.## #.##.##..........##.** * #**
#.##.##..........#*,,******** ,,*
#...................,,,,,,,,, ,,*
########............,,******* ,,*
###.........[.###,** *
,,*****#.........$$..# *** *
,,,,.....#...........# *
,,**##...............#


You could see Sigmund and a hobgoblin.

Vanquished Creatures
  Terence (D:2)
  An adder (D:2)
  2 giant cockroaches
  3 hobgoblins (D:1)
  2 jackals (D:1)
  A ball python (D:1)
  4 bats
  3 giant newts (D:1)
  4 goblins
  5 kobolds (D:1)
  4 rats
30 creatures vanquished.

Notes
Turn   | Place    | Note
--------------------------------------------------------------
     0 | D:1      | musteatbrain the Spriggan Enchanter began the quest for the Orb.
     0 | D:1      | Reached XP level 1. HP: 9/9 MP: 5/5
   151 | D:1      | Reached XP level 2. HP: 11/13 MP: 6/6
   599 | D:1      | Reached skill level 5 in Stealth
   650 | D:2      | Reached XP level 3. HP: 16/16 MP: 8/8
   737 | D:2      | Noticed Terence
   805 | D:2      | Killed Terence
   837 | D:2      | Noticed Sigmund
   849 | D:2      | Slain by Sigmund

Vault maps used:
D:1:      minmay_arrival_stone_box
D:2:      uniq_crazy_yiuf_cottage, uniq_terence, uniq_sigmund, uniq_natasha

Action                   || total
-------------------------++-------
Melee: Dagger            ||   111
  Use: Scroll            ||     2
       Potion            ||     2
 Stab: Sleeping          ||    11
